Map: Eternal Empire LE

Players

shocktapus

  • Race: Terran Terran
  • League: Master
  • Spawn Location: 1:00

MikeHawk - Winner!

  • Race: Terran Terran
  • League: Diamond
  • Spawn Location: 7:00

VOD

https://www.twitch.tv/videos/522327256?t=2h58m41s

Description

Time

  • Played on: Dec. 16, 2019, 2:08 p.m.
  • Length: 8:59
Show
View Real Time Build Order
Export as new Build Order

shocktapus Terran 

Build Orders: Gas First Reaper Expand 

Get SALT Encoding   

  12  0:01  SCV  
  13  0:13  SCV  
  14  0:17  Supply Depot  
  14  0:25  SCV  
  15  0:29  Refinery  
  15  0:39  SCV  
  16  0:46  Barracks  
  16  0:51  SCV  
  17  1:03  SCV  
  18  1:20  SCV  
  19  1:34  Reaper, Orbital Command  
  20  1:48  Command Center  
  20  1:59  SCV  
  21  2:02  Supply Depot  
  21  2:07  Barracks Reactor  
  21  2:12  SCV  
  22  2:17  Factory  
  22  2:25  SCV  
  22  2:29  Refinery  
  24  2:37  SCV  
  24  2:44  Marine x2  
  24  2:49  SCV  
  27  3:00  Orbital Command  
  27  3:03  Hellion  
  27  3:04  Starport  
  29  3:11  Marine  
  29  3:12  Marine  
  31  3:15  SCV  
  32  3:27  SCV  
  32  3:29  SCV, Marine x2  
  36  3:34  Factory Tech Lab  
  36  3:39  SCV  
  32  3:53  Marine  
  30  3:56  Cyclone  
  32  4:06  Viking  
  32  4:09  SCV  
  35  4:14  Command Center  
  35  4:16  Supply Depot, Marine  
  35  4:17  Marine  
  36  4:22  SCV x2  
  39  4:34  SCV x2  
  33  4:52  Siege Tank  
  36  4:53  Marine x2  
  36  4:59  Starport Reactor  
  36  5:00  SCV x2  
  38  5:11  Marine x2  
  38  5:12  SCV  
  38  5:13  SCV, Barracks x2  
  42  5:24  Siege Tank  
  42  5:25  SCV x2  
  42  5:27  Orbital Command  
  47  5:30  Marine x2  
  49  5:37  SCV x2, Medivac x2  
  55  5:43  Engineering Bay x2  
  55  5:48  Refinery  
  55  5:49  SCV x2  
  57  5:55  SCV  
  57  5:57  Marine, Siege Tank  
  61  6:02  SCV, Refinery  
  61  6:03  SCV  
  64  6:04  Marine  
  64  6:05  Barracks Reactor  
  64  6:07  Barracks Tech Lab  
  65  6:12  SCV  
  65  6:16  SCV  
  67  6:20  SCV  
  68  6:26  Marine  
  68  6:27  Stimpack  
  68  6:30  Terran Infantry Armor Level 1, Terran Infantry Weapons Level 1  
  68  6:31  Marine x2  
  68  6:32  Supply Depot  
  71  6:33  Supply Depot  
  71  6:38  SCV x2  
  74  6:42  Siege Tank  
  74  6:45  Supply Depot, Marine  
  77  6:53  Marine x3  
  77  6:54  SCV  
  81  7:05  SCV  
  81  7:06  SCV  
  81  7:14  Orbital Command  
  73  7:16  Marine x5  
  73  7:17  Siege Tank  
  73  7:30  SCV x2  
  73  7:33  Marine x2  
  73  7:34  Marine x3  
  80  7:39  Barracks, Medivac  
  80  7:40  Medivac  
  80  7:42  SCV x2, Barracks  
  86  7:49  Siege Tank  
  86  7:51  SCV, Marine x2  
  90  7:54  SCV x2  
  94  8:03  SCV  
  95  8:06  SCV x2  
  95  8:09  Marine x4  
  101  8:15  SCV  
  101  8:18  SCV x2  
  103  8:30  Marine x2  
  103  8:31  Barracks Reactor, Marine x2  
  103  8:32  Barracks Reactor  
  109  8:37  Supply Depot x2  
  109  8:39  Supply Depot  
  109  8:40  Armory  
Show
View Real Time Build Order
Export as new Build Order

MikeHawk Terran - Winner!

Build Orders:  

Get SALT Encoding   

  12  0:01  SCV  
  13  0:13  SCV  
  14  0:17  Supply Depot  
  14  0:25  SCV  
  15  0:28  Refinery  
  15  0:39  SCV  
  16  0:44  Barracks  
  16  0:51  SCV  
  16  0:55  Refinery  
  17  1:03  SCV  
  18  1:15  SCV  
  19  1:32  Orbital Command  
  19  1:33  Factory  
  19  1:37  Reaper  
  20  1:49  Supply Depot  
  20  1:57  SCV  
  21  2:09  Reaper  
  21  2:10  SCV  
  23  2:16  Hellion  
  23  2:22  SCV  
  26  2:34  Command Center  
  26  2:36  SCV  
  27  2:40  Hellion  
  27  2:44  Reaper  
  30  2:51  Supply Depot  
  30  2:53  SCV  
  31  2:59  Starport  
  31  3:02  Factory Tech Lab  
  31  3:13  SCV  
  31  3:16  Barracks Tech Lab  
  32  3:22  Cyclone  
  32  3:25  SCV  
  36  3:37  SCV  
  37  3:42  Barracks Reactor  
  37  3:43  Raven  
  37  3:49  SCV, Orbital Command  
  38  4:01  SCV  
  39  4:10  Siege Tank  
  39  4:13  SCV  
  39  4:15  SCV  
  44  4:17  Command Center  
  44  4:25  SCV  
  44  4:28  SCV  
  44  4:30  Barracks  
  46  4:33  Marine  
  46  4:36  Barracks  
  46  4:37  Starport Reactor  
  45  4:40  SCV x2  
  45  4:43  Stimpack  
  45  4:51  Marine  
  45  4:52  SCV x2  
  47  4:57  Siege Tank  
  50  5:03  Supply Depot  
  50  5:04  SCV x2  
  52  5:08  Marine  
  53  5:14  Engineering Bay  
  53  5:16  SCV  
  53  5:17  Engineering Bay  
  53  5:21  Starport Reactor  
  54  5:23  Refinery  
  54  5:24  SCV, Refinery  
  54  5:27  Marine x3  
  58  5:30  SCV, Orbital Command  
  58  5:33  Siege Tank  
  62  5:36  SCV  
  62  5:37  Orbital Command  
  62  5:38  Marine  
  62  5:39  Marine  
  62  5:42  SCV  
  66  5:45  Marine x3  
  66  5:49  SCV  
  70  5:54  SCV  
  70  5:56  Marine  
  72  5:57  Supply Depot, Marine  
  77  6:05  Marine x2  
  77  6:06  Supply Depot, Terran Infantry Armor Level 1, Terran Infantry Weapons Level 1  
  77  6:10  SCV x2, Orbital Command  
  77  6:18  Supply Depot, Marine x3  
  77  6:19  Supply Depot  
  77  6:23  Combat Shield, Marine  
  77  6:25  Medivac  
  83  6:26  Medivac  
  83  6:28  Marine  
  83  6:31  SCV x2  
  88  6:36  Marine  
  88  6:38  Marine  
  88  6:39  Marine  
  91  6:40  Marine  
  91  6:41  SCV  
  91  6:43  SCV x2  
  91  6:45  Marine  
  96  6:47  Siege Tank  
  96  6:53  SCV  
  100  6:54  Marine  
  100  6:56  SCV x2, Marine x2  
  105  7:01  Marine  
  105  7:03  Marine  
  105  7:09  SCV x3  
  105  7:12  Marine  
  105  7:14  Marine x2  
  108  7:19  Marine  
  108  7:20  Medivac  
  108  7:21  Marine  
  108  7:26  Medivac  
  108  7:28  Armory  
  109  7:30  SCV x2, Marine  
  109  7:32  SCV, Marine x2  
  109  7:37  Marine  
  115  7:39  Marine  
  117  7:44  Supply Depot x2  
  117  7:55  Barracks  
  117  7:56  Barracks, Refinery  
  117  7:57  Refinery, Marine  
  117  7:58  Sensor Tower  
  117  8:05  SCV x3, Marine x3  
  117  8:06  Siege Tank  
  117  8:07  Marine  
  117  8:09  Medivac x2  
  131  8:14  Marine  
  131  8:18  SCV  
  133  8:28  Supply Depot  
  133  8:29  Supply Depot  
  133  8:38  Supply Depot  
  133  8:39  Supply Depot  
  133  8:57  Barracks Reactor x2  
Tags
 
Add a new tag
Caveats
  • Supply blocks, unpowered buildings, or Contaminate may cause inaccurate times.
  • Supply counts are checked every 10 seconds.